 Dungeon Crawl Stone Soup version 0.30-a0-862-g1aabd4f9c5 (webtiles) character file.

Game seed: 7113274283999136125

42 IdlyInterested the Trooper (level 3, -1/29 HPs)
             Began as a Demonspawn Fighter on Mar 9, 2023.
             Slain by a gnoll
             ... wielding a +0 club
              (2 damage)
             ... on level 2 of the Dungeon.
             The game lasted 00:02:55 (1305 turns).

IdlyInterested the Trooper (Demonspawn Fighter)     Turns: 1305, Time: 00:02:56

Health: -1/29      AC:  8    Str: 16    XL:     3   Next: 33%
Magic:  3/3        EV:  9    Int:  9    God:
Gold:   67         SH:  4    Dex: 14    Spells: 2/2 levels left

rFire   . . .      SeeInvis .    a - +1 long sword
rCold   . . .      Faith    .    c - +0 buckler
rNeg    . . .      Spirit   .    b - +0 scale mail
rPois   .          Reflect  .    (no helmet)
rElec   .          Rampage  .    (no cloak)
rCorr   .                        (no gloves)
Will    .....                    (no boots) Stlth
                                 (no amulet)
HPRegen 0.24/turn                (no ring)
MPRegen 0.08/turn                (no ring)

@: mighty
A: molten scales 1, powered by death 1
a: no special abilities


You were on level 2 of the Dungeon.
You visited 1 branch of the dungeon, and saw 2 of its levels.

You collected 67 gold pieces.

Inventory:

Hand Weapons
 a - a +1 long sword (weapon)
Missiles
 g - a stone (quivered)
 h - 5 curare-tipped darts
Armour
 b - a +0 scale mail (worn)
 c - a +0 buckler (worn)
 k - a +0 kite shield
Scrolls
 e - a scroll of enchant weapon
 f - a scroll of amnesia {unknown}
Potions
 d - a potion of might


   Skills:
 - Level 3.0 Fighting
 + Level 2.5 Long Blades
 - Level 1.0 Throwing
 - Level 2.6 Armour
 * Level 1.2 Dodging
 - Level 1.0 Stealth
 - Level 2.6 Shields


You had 2 spell levels left.
You didn't know any spells.
Your spell library contained the following spells:

 Spells                   Type           Power      Damage    Failure   Level
 Apportation              Tloc           0%         N/A       89%         1
 Necrotise                Necr           0%         1d4       89%         1
 Summon Small Mammal      Summ           0%         N/A       89%         1


Dungeon Overview and Level Annotations

Branches:
Dungeon (2/15)

Altars:
Ru


Innate Abilities, Weirdness & Mutations

You are partially covered in molten scales. (AC +2)
You regenerate a little health from kills.


Message History

Training target 1.0 for Throwing reached!
Your Throwing skill increases to level 1!
Found a leather armour.
You see here a +0 leather armour. 2 gnolls come into view.
The gnoll shouts! x2; You hear a shout! x2
A gnoll comes into view. It is wielding a +0 club.
The gnoll throws a throwing net.
The throwing net closely misses you.
You see here a throwing net.
You see here a +0 leather armour.
The gnoll misses you. The gnoll hits you with a +0 spear.
You barely miss the gnoll. You block the gnoll's attack.
You barely miss the gnoll. The gnoll hits you with a +0 spear.
You barely miss the gnoll. The gnoll hits you with a +0 spear!
The gnoll hits you with a +0 spear.
You barely miss the gnoll. You block the gnoll's attack.
You barely miss the gnoll. The gnoll hits you with a +0 spear.
You hit the gnoll but do no damage. The gnoll hits you with a +0 spear.
* * * LOW HITPOINT WARNING * * *
You hit the gnoll.
The gnoll is lightly wounded.
You block the gnoll's attack. The gnoll hits you with a +0 spear.
* * * LOW HITPOINT WARNING * * *
You feel very mighty all of a sudden.
A gnoll comes into view.
It is wielding a +1 whip of electrocution.
You block the gnoll's attack.
You slash the gnoll!
You kill the gnoll!
You closely miss the gnoll. The gnoll hits you but does no damage.
You hit the gnoll.
The gnoll is moderately wounded.
The gnoll hits you but does no damage.
Okay, then.
You hit the gnoll.
The gnoll is heavily wounded.
The gnoll hits you with a +0 club.
* * * LOW HITPOINT WARNING * * *
The gnoll hits you with a +0 club.
You die...

##.#<......#..........
.....#####.#....#
.....# ##.#<# .....#
#.### ........ ..#
....###.# ..########
##....# # ...#
#gg(.#+####.. #####.#
.... #g#.....g....
......###.###
#@#.#..gg$...
.#...†....#
###.#..........
.#.###....#
#...#########..
.#........# #.### #
#####.....# #.# .
####.....####.# .#
#..........##.###.#
#.#......#.##.....#
#.#.....##.###....#


You could see 3 gnolls.

Vanquished Creatures
  A gnoll (D:2)
  A worm (D:2)
  3 bats (D:1)
  An endoplasm (D:1)
  2 goblins (D:1)
  5 hobgoblins
  2 jackals (D:1)
  3 ball pythons (D:1)
  2 frilled lizards (D:1)
  3 kobolds (D:1)
  4 rats
27 creatures vanquished.

Notes
Turn   | Place    | Note
-------+----------+-------------------------------------------
     0 | D:1      | IdlyInterested the Demonspawn Fighter began the quest for
                  | the Orb.
     0 | D:1      | Reached XP level 1. HP: 18/18 MP: 1/1
   226 | D:1      | Reached skill level 1 in Stealth
   234 | D:1      | Gained mutation: You regenerate a little health from kills.
                  | [demonic ancestry]
   234 | D:1      | Reached XP level 2. HP: 10/24 MP: 2/2
   626 | D:1      | Reached skill level 1 in Dodging
  1114 | D:2      | Found a sacrificial altar of Ru.
  1204 | D:2      | Gained mutation: You are partially covered in molten
                  | scales. (AC +2) [demonic ancestry]
  1204 | D:2      | Reached XP level 3. HP: 22/29 MP: 3/3
  1267 | D:2      | Reached skill level 1 in Throwing
  1305 | D:2      | HP: 1/29 [gnoll/+0 club (2)]
  1305 | D:2      | Slain by a gnoll

Illustrated notes

Levels and vault maps discovered:
D:1:      erik_arrival_triangle_small, layout_basic, st_stairs_4
D:2:      kennysheep_big_flooded_room, layout_basic, basic_altar

Skill      XL: |  1  2  3 |
---------------+----------+-----
Long Blades    | 2 |  2.5
Stealth        | 1 |  1.0
Dodging        | 1 |  1.2
Throwing       | 1 |  1.0
Fighting       | |  3.0
Armour         | |  2.6
Shields        | |  2.6

Action                     || total
---------------------------++-------
  Melee: Long sword        ||    86
  Throw: Stone             ||     8
    Use: Scroll            ||     3
         Potion            ||     1
 Armour: Scale mail        ||    57
  Dodge: Dodged            ||    45
  Block: Buckler           ||    16

Table legend: (Time is in decaauts)
 A = Elapsed time spent in this place.
 B = Non-inter-level travel time spent in this place.
 C = Inter-level travel time spent in this place.
 D = Time resting spent in this place.
 E = Time spent auto-exploring this place.
 F = Levels seen in this place.
 G = Mean time per level.
                   A        B        C        D        E       F      G
               +--------+--------+--------+--------+--------+-----+--------+
         Total |   1335 |   1252 |     83 |    190 |    780 |   2 |  667.5 |
       Dungeon |   1335 |   1252 |     83 |    190 |    780 |   2 |  667.5 |
               +--------+--------+--------+--------+--------+-----+--------+

Top non-repeatable levels by time:
     D:1: 1078 daAuts
     D:2: 256 daAuts
